 Dungeon Crawl Stone Soup version 0.31.0-12-g77e489cdc1 (webtiles) character file.

Game seed: 13831544559524604585

876 spaghetti the Grappler (level 8, -8/78 HPs)
             Began as an Oni Chaos Knight on Mar 2, 2024.
             Was a Plaything of Xom.
             Mangled by Duvessa
             ... wielding a +0 short sword
              (10 damage)
             ... on level 4 of the Dungeon.
             The game lasted 00:04:00 (3206 turns).

spaghetti the Grappler (Oni Chaos Knight)           Turns: 3206, Time: 00:04:01

Health: -8/78      AC:  7    Str: 16      XL:     8   Next: 4%
Magic:  8/8        EV: 10    Int: 18      God:    Xom [....*.]
Gold:   184        SH:  0    Dex:  9 (12) Spells: 7/7 levels left

rFire   . .          .
                       - Unarmed
rCold   . . .        (no shield)
rNeg    . . .        a - +2 robe
rPois   .            (helmet restricted)
rElec   .            h - +1 cloak
rCorr   .            (gloves unavailable)
SInv    .            (boots unavailable)
Will    .....        (no amulet)
Stlth   +            e - +6 ring of intelligence
HPRegen 0.33/turn    (no ring)
MPRegen 0.11/turn

%: no passive effects
@: mighty
A: large, unfitting armour, horns 1, tough skin 1, double potion healing,
drunken brawling, agile 1, weak 1
a: Renounce Religion


You were on level 4 of the Dungeon.
You worshipped Xom.
You were a beloved toy of Xom.
You visited 1 branch of the dungeon, and saw 4 of its levels.

You collected 184 gold pieces.

Inventory:

Armour
 a - a +2 robe (worn)
 h - a +1 cloak (worn)
Jewellery
 e - a +6 ring of intelligence (left hand)
 f - a ring of poison resistance
Scrolls
 b - a scroll of butterflies
 d - a scroll of revelation
 g - 2 scrolls of teleportation
 j - a scroll of blinking
 l - 2 scrolls of identify
Potions
 k - 3 potions of resistance


   Skills:
 - Level 4.0 Fighting
 - Level 2.1 Dodging
 + Level 8.6 Unarmed Combat


You had 7 spell levels left.
You didn't know any spells.
Your spell library contained the following spells:

 Spells                   Type           Power      Damage    Failure   Level
 Static Discharge         Conj/Air       0%         3-3/arc   32%         2
 Airstrike                Air            0%         2d(0-16)  91%         4
 Summon Lightning Spire   Summ/Air       0%         N/A       91%         4


Dungeon Overview and Level Annotations

Branches:
Dungeon (4/15)
 Temple: D:4-7

Altars:
Elyvilon
Fedhas
Makhleb
Sif Muna
Zin
The Shining One

Shops:
D:1 =   D:2 *

Annotations:
D:3 3 runed translucent doors, Gadfly's ghost, amateur AtFi
D:4 Duvessa


Innate Abilities, Weirdness & Mutations

You are too large for most types of armour.
You have a pair of small horns on your head.
You have tough skin. (AC +1)
You gain doubled healing and magic from potions.
Whenever you drink a healing potion, you attack all around you.
You are agile. (Dex +4, Str/Int -1)
You are weak. (Str -2)


Message History

Okay, then.
You hit Duvessa.
Duvessa is lightly wounded.
Duvessa hits you with a +0 short sword.
You hit Duvessa.
Duvessa is lightly wounded.
Duvessa hits you with a +0 short sword!
You closely miss Duvessa. Your headbutt misses Duvessa.
Duvessa is lightly wounded.
Duvessa barely misses you. x2
Unknown command.
You hit Duvessa but do no damage.
Duvessa is lightly wounded.
Duvessa hits you with a +0 short sword!
You punch Duvessa!
Duvessa is moderately wounded.
Duvessa hits you with a +0 short sword.
You punch Duvessa!
Duvessa is heavily wounded.
Duvessa hits you with a +0 short sword! Duvessa barely misses you.
You hit Duvessa. Your headbutt misses Duvessa.
Duvessa is severely wounded.
Duvessa hits you with a +0 short sword.
You punch Duvessa! You headbutt Duvessa, but do no damage.
Duvessa is almost dead.
Duvessa hits you with a +0 short sword.
* * * LOW HITPOINT WARNING * * *
Unknown command.
You hit Duvessa.
Duvessa is almost dead.
Duvessa hits you with a +0 short sword!
* * * LOW HITPOINT WARNING * * *
Unknown command.
Unknown command.
You hit Duvessa.
Duvessa is almost dead.
Duvessa hits you with a +0 short sword!
* * * LOW HITPOINT WARNING * * *
Duvessa hits you with a +0 short sword!
You die...

####### #.....#
#.###.# #.#.#.#
##.#...### ######
#.........
#§@§§#####..###.###
#e##§.......###.#
§§§.####.###.#...#
#§§..+.>.........##
..e...####.#<#.#...##
.e.....# #.#.#.#....#
#.....###
#.#.#.#....# #.....
#####)....#...^# ...
#.......#####..#


You could see Duvessa (berserk).

Vanquished Creatures
  Grinder (D:3)
  Sigmund (D:2)
  Eustachio (D:4)
  An ogre (D:4)
  A scorpion (D:4)
  Dowan (D:4)
  Crazy Yiuf (D:2)
  An iguana (D:4)
  An orc wizard (D:4)
  Terence (D:3)
  4 gnolls (D:3)
  A dart slug (D:2)
  A ribbon worm (D:2)
  2 orcs (D:4)
  7 ball pythons
  3 bats
  6 endoplasms
  A giant cockroach (D:2)
  7 hobgoblins
  3 jackals (D:2)
  A quokka (D:4)
  4 frilled lizards
  6 goblins
  3 kobolds
  4 rats
63 creatures vanquished.

Vanquished Creatures (collateral kills)
  A giant cockroach (D:3)
1 creature vanquished.

Grand Total: 64 creatures vanquished

Notes
Turn   | Place    | Note
-------+----------+-------------------------------------------
     0 | D:1      | spaghetti the Oni Chaos Knight began the quest for the Orb.
     0 | D:1      | Reached XP level 1. HP: 24/24 MP: 1/1
    75 | D:1      | XOM: silly message
    94 | D:1      | Reached skill level 3 in Unarmed Combat
   111 | D:1      | Reached XP level 2. HP: 32/32 MP: 2/2
   247 | D:1      | XOM: silly message
   453 | D:1      | Found Yrre's Jewellery Shop.
   727 | D:2      | Reached XP level 3. HP: 38/39 MP: 3/3
   903 | D:2      | Reached skill level 4 in Unarmed Combat
   990 | D:2      | Found a runed translucent door.
   991 | D:2      | Noticed Crazy Yiuf
  1006 | D:2      | Noticed Sigmund
  1012 | D:2      | XOM: potion effect (might)
  1013 | D:2      | XOM: noise
  1014 | D:2      | Killed Sigmund
  1015 | D:2      | Reached skill level 5 in Unarmed Combat
  1015 | D:2      | Reached XP level 4. HP: 33/48 MP: 4/4
  1015 | D:2      | Reached XP level 5. HP: 38/54 MP: 5/5
  1040 | D:2      | XOM: noise
  1083 | D:2      | Found Kamoytt's Assorted Antiques.
  1099 | D:2      | XOM: 3-stop teleportation journey
  1290 | D:2      | Killed Crazy Yiuf
  1291 | D:2      | Reached XP level 6. HP: 23/62 MP: 0/6
  1481 | D:3      | Reached skill level 6 in Unarmed Combat
  1514 | D:3      | Noticed Grinder
  1515 | D:3      | XOM: enchant monster (good)
  1543 | D:3      | Paralysed by Grinder for 5 turns
  1554 | D:3      | Paralysed by Grinder for 3 turns
  1558 | D:3      | Killed Grinder
  1736 | D:3      | XOM: summons 4 hostile demons
  1928 | D:3      | Noticed Terence
  1943 | D:3      | Killed Terence
  1944 | D:3      | Reached skill level 7 in Unarmed Combat
  1944 | D:3      | Reached XP level 7. HP: 50/70 MP: 7/7
  2250 | D:3      | XOM is BORED!
  2250 | D:3      | XOM: give mutations
  2250 | D:3      | Gained mutation: You are weak. (Str -2) [Xom's mischief]
  2250 | D:3      | Gained mutation: You are agile. (Dex +4, Str/Int -1) [Xom's
                  | mischief]
  2382 | D:3      | Found a runed translucent gate.
  2382 | D:3      | Found a runed translucent gate.
  2382 | D:3      | Found a runed translucent gate.
  2383 | D:3      | Noticed Gadfly's ghost (amateur AtFi)
  2433 | D:4      | Found a white marble altar of Elyvilon.
  2433 | D:4      | Found a glowing silver altar of Zin.
  2433 | D:4      | Found a glowing golden altar of the Shining One.
  2462 | D:4      | XOM: enchant monster (bad)
  2469 | D:4      | XOM: cleaving
  2541 | D:4      | Found a burning altar of Makhleb.
  2541 | D:4      | Found a shimmering blue altar of Sif Muna.
  2541 | D:4      | XOM: 2-stop teleportation journey
  2616 | D:4      | Found a blossoming altar of Fedhas.
  2654 | D:4      | Noticed Eustachio
  2654 | D:4      | XOM: 3-stop teleportation journey
  2755 | D:4      | XOM: confuse monster(s)
  2756 | D:4      | Killed Eustachio
  2757 | D:4      | Reached skill level 8 in Unarmed Combat
  2849 | D:4      | XOM: scenery: summon butterflies
  2871 | D:4      | XOM: divination: detect creatures
  3187 | D:4      | Noticed Duvessa
  3188 | D:4      | Noticed Dowan
  3188 | D:4      | XOM: fog
  3192 | D:4      | Killed Dowan
  3193 | D:4      | Reached XP level 8. HP: 77/78 MP: 8/8
  3206 | D:4      | HP: 2/78 [Duvessa/+0 short sword (13)]
  3206 | D:4      | Mangled by Duvessa

Illustrated notes

Levels and vault maps discovered:
D:1:      ebering_hopf_link, layout_loops_ring, serial_shops,
          nicolae_lakefront_shop
D:2:      layout_rooms, serial_shops, nicolae_shop_just_a_little_nook,
          uniq_sigmund, uniq_crazy_yiuf_cottage
D:3:      layout_rooms, gammafunk_ghost_necromancy, skrybe_limestone_x,
          uniq_grinder, uniq_terence
D:4:      layout_basic, good_gods_mini_temple, grunt_temple_overflow_open,
          grunt_decor_junction, uniq_duvessa, uniq_eustachio

Skill      XL: |  1  2  3  4  5  6  7 |
---------------+----------------------+-----
Unarmed Combat | 3 5 7 8 |  8.6
Fighting       | |  4.0
Dodging        | |  2.1

Action                     |  1- 3 |  4- 6 |  7- 9 || total
---------------------------+-------+-------+-------++-------
  Melee: Unarmed           |    98 |    93 |    87 ||   278
         Headbutt          |     8 |     8 |    10 ||    26
         Punch             |     3 |     4 |     3 ||    10
  Throw: Throwing net      |       |       |     1 ||     1
    Use: Scroll            |     5 |       |     4 ||     9
         Potion            |     1 |     3 |     2 ||     6
 Armour: Robe              |    73 |    94 |    68 ||   235
  Dodge: Dodged            |    42 |    43 |    44 ||   129
